 Dungeon Crawl Stone Soup version 0.15-a0-1403-g2cecdf4 (webtiles) character file.

722 PolkaDot the Ruinous (level 7, -3/46 HPs)
             Began as a Vampire Conjurer on June 11, 2014.
             Killed by divine providence
             ... invoked by an orc priest
              (11 damage)
             ... on Level 4 of the Dungeon.
             The game lasted 00:14:41 (3628 turns).

PolkaDot the Ruinous (Vampire Conjurer)             Turns: 3628, Time: 00:14:42

HP  -3/46        AC  9     Str 11      XL: 7   Next: 43%
MP   7/12        EV 12     Int 20      God:
Gold 124         SH  0     Dex 14      Spells:  3 memorised,  3 levels left

rFire  + . .     SeeInvis +     p - +1,+2 dagger (protect)
rCold  . . .     Clarity  .     n - +1 robe of Incorporation {Str+4 Int+1}
rNeg   . . .     rCorr    .     (no shield)
rPois  .         rRot     .     (no helmet)
rElec  .         Spirit   .     f - +0 cloak
SustAb .         Warding  .     (no gloves)
rMut   .         Stasis   .     (no boots)
Gourm  .                        (no amulet)
MR     .....                    (no ring)
                                b - ring of protection from fire

@: very slightly contaminated, regenerating quickly, not resistant to hostile
enchantments, unstealthy
A: bottle blood, fangs 3, see invisible, unbreathing
a: Bottle Blood


You were on level 4 of the Dungeon.
You were very full.

You visited 1 branch of the dungeon, and saw 4 of its levels.

You collected 124 gold pieces.

Inventory:

Hand weapons
 p - a +1,+2 dagger of protection (weapon)
Armour
 f - a +0 cloak (worn)
 n - the +1 robe of Incorporation (worn) {Str+4 Int+1}
   (You found it on level 4 of the Dungeon)

   It affects your strength (+4).
   It affects your intelligence (+1).
Magical devices
 h - a wand of slowing (11)
Scrolls
 a - a scroll of blinking
 d - 2 scrolls of teleportation
 e - 2 scrolls of remove curse
 g - a scroll of immolation {unknown}
 i - a scroll of identify
 j - a scroll of enchant weapon I {unknown}
 l - 2 scrolls of magic mapping {unknown}
 o - a scroll of random uselessness {unknown}
Jewellery
 b - a ring of protection from fire (left hand)
Potions
 k - a potion of restore abilities
 m - a potion of brilliance
Books
 c - a book of Conjurations

   Spells                             Type                      Level
   *Magic Dart                        Conjuration                  1
   *Searing Ray                       Conjuration                  2
   Dazzling Spray                     Conjuration/Hexes            3
   *Fulminant Prism                   Conjuration/Hexes            4
   Iskenderun's Mystic Blast          Conjuration                  4
   Iskenderun's Battlesphere          Conjuration/Charms           5


   Skills:
 - Level 2.1 Dodging
 - Level 3.0 Stealth
 - Level 2.4 Spellcasting
 * Level 6.3 Conjurations
 + Level 4.6 Hexes


You had 3 spell levels left.
You knew the following spells:

 Your Spells              Type           Power        Failure   Level  Hunger
a - Magic Dart            Conj           ####         1%          1    #......
f - Fulminant Prism       Conj/Hex       ###.......   17%         4    #####..
s - Searing Ray           Conj           ####..       1%          2    ##.....


Dungeon Overview and Level Annotations

Branches:
Dungeon (4/15)
 Temple: D:4-7

Altars:
Elyvilon
Nemelex Xobeh
Trog
Yredelemnul

Shops:
D:4 *


Innate Abilities, Weirdness & Mutations

Your natural rate of healing is unusually fast.
You can bottle blood from corpses.
You have razor-sharp teeth.*
You have supernaturally acute eyesight.
You can survive without breathing.*


Message History

Aiming: Searing Ray
Press: ? - help, Shift-Dir - straight line, f - orc priest
Aim: an orc priest, wielding a club The searing ray hits the orc.
You kill the orc!
The orc priest glows brightly for a moment.
The orc priest looks braver.
The searing ray misses the orc.
The searing ray hits the orc priest.
The orc priest is moderately wounded.
The orc priest invokes the aid of Beogh against you.
Something smites you!
* * * LOW HITPOINT WARNING * * *
The searing ray hits the orc.
The orc barely misses you.
The searing ray hits the orc.
You kill the orc!
The searing ray hits the orc wizard.
You kill the orc wizard!
The orc priest mumbles some strange prayers to Beogh against you.
Something smites you!
You die...

........#.##..###.....# #.#
.......##.....###.....#### #.#
.##.##.###.##..##...#....## #.#
....##..##.###.#...#......## #.#
...........>............%..# #.#
##########......##.#.....(####.#
..........####...#.##..........##
...........###.......######......
............##.#@#.#.# #.......
............##.#)#.#. ##......
............##.#)#... #######
............##.#o# ##
............#..so. ...........##
.... ...(......## .....
########### ..... ###....


You could see a scorpion and 2 orc priests.

Vanquished Creatures
  The ghost of aimeelou the Sneak, an average HaAs (D:4)
  A phantom (D:4)
  An ogre (D:4)
  A giant frog (D:3)
  A hound (D:4)
  3 orc priests (D:3)
  An orc wizard (D:4)
  4 adders
  A giant mite (D:2)
  9 giant geckos
  An ooze (D:2)
  10 orcs
  3 ball pythons
  13 bats
  12 goblins
  8 hobgoblins
  7 jackals (D:2)
  13 kobolds
  4 giant cockroaches
  7 giant newts
  A hobgoblin skeleton (D:4)
  A quokka (D:4)
  12 rats
115 creatures vanquished.

Notes
Turn   | Place    | Note
--------------------------------------------------------------
     0 | D:1      | PolkaDot, the Vampire Conjurer, began the quest for the Orb.
     0 | D:1      | Reached XP level 1. HP: 13/13 MP: 3/3
   327 | D:1      | Reached XP level 2. HP: 13/19 MP: 0/4
   465 | D:1      | Learned a level 2 spell: Searing Ray
  1035 | D:2      | Reached XP level 3. HP: 24/24 MP: 6/6
  1094 | D:2      | Found a white marble altar of Elyvilon.
  1351 | D:2      | Reached skill level 4 in Conjurations
  1351 | D:2      | Reached XP level 4. HP: 8/30 MP: 4/8
  1368 | D:2      | HP: 1/30 [poisoned by an adder]
  1440 | D:2      | Found a sparkling altar of Nemelex Xobeh.
  1852 | D:3      | HP: 1/30 [orc (5)]
  2138 | D:3      | Reached XP level 5. HP: 35/35 MP: 9/9
  2141 | D:3      | Found a basalt altar of Yredelemnul.
  2301 | D:3      | Reached skill level 5 in Conjurations
  2348 | D:3      | Learned a level 4 spell: Fulminant Prism
  2382 | D:3      | Noticed a giant frog
  2390 | D:3      | Killed a giant frog
  2390 | D:3      | Reached skill level 1 in Hexes
  2552 | D:3      | Reached XP level 6. HP: 38/41 MP: 11/11
  2851 | D:4      | Got a smoking robe
  2853 | D:4      | Identified the +1 robe of Incorporation {Str+4 Int+1} (You found it on level 4 of the Dungeon)
  3150 | D:4      | Found a bloodstained altar of Trog.
  3253 | D:4      | Noticed aimeelou's ghost (average HaAs)
  3339 | D:4      | Killed aimeelou's ghost
  3339 | D:4      | Reached skill level 6 in Conjurations
  3339 | D:4      | Reached XP level 7. HP: 16/46 MP: 3/12
  3559 | D:4      | Found Mnoagg's Elemental Accessories.
  3628 | D:4      | Killed from afar by an orc priest

Action                   |  1- 3 |  4- 6 |  7- 9 || total
-------------------------+-------+-------+-------++-------
Melee: Unarmed           |    21 |       |       ||    21
       Dagger            |   108 |   184 |    12 ||   304
 Cast: Magic Dart        |    18 |     9 |       ||    27
       Searing Ray       |     1 |    14 |     4 ||    19
Evoke: Wand              |     1 |       |       ||     1
  Use: Potion            |     1 |       |       ||     1
       Scroll            |       |     5 |     1 ||     6
 Stab: Sleeping          |     3 |    10 |     1 ||    14
       Distracted        |       |     1 |       ||     1
